 Dungeon Crawl Stone Soup version 0.30-a0-377-g5cb311bc9f (webtiles) character file.

Game seed: 13605102311825162339

61 tio the Grave Robber (level 3, 0/24 HPs)
             Began as a Demonspawn Necromancer on Nov 29, 2022.
             Was an Initiate of Ashenzari.
             Succumbed to an adder's poison
             ... on level 2 of the Dungeon.
             The game lasted 00:09:16 (1303 turns).

tio the Grave Robber (Demonspawn Necromancer)       Turns: 1303, Time: 00:09:17

Health: 0/24       AC:  3    Str:  8    XL:     3   Next: 83%
Magic:  1/7        EV: 12    Int: 18    God:    Ashenzari [......]
Gold:   18         SH:  0    Dex: 13    Spells: 6/7 levels left

rFire   . . .      SeeInvis .    c - +0 flail
rCold   . . .      Faith    .    (no shield)
rNeg    . . .      Spirit   .    a - +1 robe
rPois   .          Reflect  .    (no helmet)
rElec   .          Harm     .    (no cloak)
rCorr   .          Rampage  .    (no gloves)
Will    .....                    (no boots)
Stlth   ++........               (no amulet)
HPRegen 0.24/turn                (no ring)
MPRegen 0.10/turn                (no ring)

@: lethally poisoned (0 -> -9)
A: demonic touch 2
a: Renounce Religion, Curse Item


You were on level 2 of the Dungeon.
You worshipped Ashenzari.
Ashenzari was noncommittal.
You visited 1 branch of the dungeon, and saw 2 of its levels.

You collected 18 gold pieces.

Inventory:

Hand Weapons
 c - a +0 flail (weapon)
 g - a +0 spear
Armour
 a - a +1 robe (worn)
Scrolls
 d - a scroll of poison
 h - a scroll of identify {unknown}
 i - a scroll of immolation {unknown}
Potions
 b - a potion of magic
 f - 2 potions of curing {unknown}


   Skills:
 + Level 0.1 Fighting
 + Level 1.9 Dodging
 + Level 1.9 Stealth
 + Level 2.8 Spellcasting
 + Level 5.3 Necromancy


You had 6 spell levels left.
You knew the following spells:

 Your Spells              Type           Power      Damage    Failure   Level
a - Necrotise             Necr           84%        1d8       1%          1

Your spell library contained the following spells:

 Spells                   Type           Power      Damage    Failure   Level
 Vampiric Draining        Necr           21%        2d7       5%          3
 Animate Dead             Necr           21%        N/A       19%         4
 Agony                    Necr           21%        N/A       45%         5


Dungeon Overview and Level Annotations

Branches:
Dungeon (2/15)

Altars:
Ashenzari


Innate Abilities, Weirdness & Mutations

Your touch may inflict irresistible damage on your foes.


Message History

The adder barely resists.
You feel sick. The adder bites you.
The adder writhes in agony.
You feel sick. The adder bites you. The adder bites you but does no damage.
You are out of magic!
You are out of magic!
You closely miss the adder.
The adder is almost dead.
You feel sick. The adder barely misses you.
You miss the adder. Your touch misses the adder.
The adder is almost dead.
You feel sick.
You are no longer poisoned.
The adder barely misses you. The adder misses you.
You hit the adder but do no damage. Your touch misses the adder.
The adder is almost dead.
The adder closely misses you. The adder bites you but does no damage.
You barely miss the adder.
The adder is almost dead.
The adder bites you. x2
You are poisoned.
The adder poisons you!
You barely miss the adder. Your touch misses the adder.
The adder is almost dead.
* * * LOW HITPOINT WARNING * * *
You feel very sick. The adder bites you.
* * * LOW HITPOINT WARNING * * *
The adder barely misses you.
You miss the adder.
The adder is almost dead.
You feel sick. The adder bites you.
* * * LOW HITPOINT WARNING * * *
The adder bites you.
* * * LOW HITPOINT WARNING * * *
You are more poisoned.
The adder poisons you!
As you read the scroll labelled KAILUI GO SEUG, it crumbles to dust.
It is a scroll of enchant armour.
Your +0 robe glows green for a moment.
You die...

## # #. .# #####. ##.## ###
#.... ....# #.##
#.#.#####...# ####.#.
#.......@...# ####.##...
##..######S...###........#
##..##....Z#..##..##....#.#
#..#.#...).#.###..##.###...
#.#..#.....#.........# #...
#.#..#.)...#.........###..#
#.#..#.....#..............#
#.#..#######.........†..<.#
#.#.#.....#..........#.##.#


You could see an adder and a friendly quokka skeleton.

Vanquished Creatures
  A gnoll (D:1)
  An adder (D:2)
  A dart slug (D:1)
  5 endoplasms (D:1)
  2 giant cockroaches (D:1)
  2 goblins (D:1)
  5 hobgoblins (D:1)
  2 kobolds
  4 quokkas
  2 ball pythons
  3 bats
  5 frilled lizards
  2 rats
  A spectral hobgoblin (D:2)
36 creatures vanquished.

Vanquished Creatures (collateral kills)
  A frilled lizard (D:1)
  A rat (D:2)
2 creatures vanquished.

Grand Total: 38 creatures vanquished

Notes
Turn   | Place    | Note
-------+----------+-------------------------------------------
     0 | D:1      | tio the Demonspawn Necromancer began the quest for the Orb.
     0 | D:1      | Reached XP level 1. HP: 13/13 MP: 3/3
   162 | D:1      | Discovered your monstrous ancestry.
   162 | D:1      | Gained mutation: Your touch may inflict minor irresistible
                  | damage on your foes. [demonic ancestry]
   162 | D:1      | Reached XP level 2. HP: 19/19 MP: 1/5
   398 | D:1      | Reached skill level 5 in Necromancy
   485 | D:1      | Gained mutation: Your touch may inflict irresistible damage
                  | on your foes. [demonic ancestry]
   485 | D:1      | Reached XP level 3. HP: 14/24 MP: 0/6
  1184 | D:2      | Found a faded altar of an unknown god.
  1194 | D:2      | Prayed at the altar of an unknown god.
  1194 | D:2      | Became a worshipper of Ashenzari the Shackled
  1303 | D:2      | Succumbed to an adder's poison

Illustrated notes

Levels and vault maps discovered:
D:1:      mrwooster_arrival_statue_3, layout_basic, grunt_decor_junction,
          nrook_uturn, dk_noncrumbling_3, fountainhead
D:2:      layout_loops_cross, dreamdust_ecumenical_altar_drowned_temple,
          serial_rivers, chequers_serial_rivers_room_b,
          chequers_serial_rivers_micro_c, chequers_serial_rivers_large_b,
          chequers_serial_rivers_room_b, nrook_mini_vaults, minmay_3d_cube

Skill      XL: |  1  2 |
---------------+-------+-----
Necromancy     | 5 |  5.3
Fighting       | |  0.1
Dodging        | |  1.9
Stealth        | |  1.9
Spellcasting   | |  2.8

Action                   || total
-------------------------++-------
Melee: Flail             ||     7
       Touch             ||     1
 Cast: Necrotise         ||    63
  Use: Scroll            ||     4
Armor: Robe              ||     3
Dodge: Dodged            ||    16

Table legend: (Time is in decaauts)
 A = Elapsed time spent in this place.
 B = Non-inter-level travel time spent in this place.
 C = Inter-level travel time spent in this place.
 D = Time resting spent in this place.
 E = Time spent auto-exploring this place.
 F = Levels seen in this place.
 G = Mean time per level.
                   A        B        C        D        E       F      G
               +--------+--------+--------+--------+--------+-----+--------+
         Total |   1309 |   1247 |     62 |      0 |   1056 |   2 |  654.5 |
       Dungeon |   1309 |   1247 |     62 |      0 |   1056 |   2 |  654.5 |
               +--------+--------+--------+--------+--------+-----+--------+

Top non-repeatable levels by time:
     D:1: 1095 daAuts
     D:2: 214 daAuts
